 Dungeon Crawl Stone Soup version 0.29-a0-393-g47a863cc1b (webtiles) character file.

Game seed: 4592120814823214489

5899 HendSelp the Martial Artist (level 10, -3/77 (83) HPs)
             Began as a Black Draconian Transmuter on May 9, 2022.
             Was a Follower of Makhleb.
             Killed by drain life
             ... invoked by a soul eater
             ... summoned by a kobold demonologist
              (7 damage)
             ... on level 9 of the Dungeon.
             The game lasted 00:20:47 (14425 turns).

HendSelp the Martial Artist (DrTm)                 Turns: 14425, Time: 00:20:47

HP:   -3/77 (83)    AC: 10    Str: 12    XL:     10   Next: 53%
MP:   18/18         EV: 12    Int: 22    God:    Makhleb [*.....]
Gold: 831           SH:  0    Dex: 12    Spells: 17/20 levels left

rFire   + . .      SeeInvis .     - Unarmed
rCold   . . .      Faith    .   (no shield)
rNeg    . . .      Spirit   .   (body armour unavailable)
rPois   .          Reflect  .   n - +0 hat
rElec   +          Harm     +   d - +1 cloak
rCorr   .          Rampage  .   m - +0 pair of gloves
Will    .....                   (no boots)
Stlth   +.........              w - amulet "Zamadicu" {RegenMP Harm rF+ Will- Int+4}
HPRegen 0.22/turn               p - ring of ice
MPRegen 0.56/turn               v - ring of fire

@: short of breath, hasted, drained, very quick
A: breathe lightning, AC +7, unfitting armour, electricity resistance,
cold-blooded
a: Breathe Lightning, Renounce Religion


You were on level 9 of the Dungeon.
You worshipped Makhleb.
Makhleb was aware of your devotion.
You visited 2 branches of the dungeon, and saw 10 of its levels.
You also visited: Sewer and Bailey.

You collected 1740 gold pieces.
You spent 909 gold pieces at shops.

Inventory:

Armour
 d - a +1 cloak (worn)
 m - a +0 pair of gloves (worn)
 n - a +0 hat (worn)
Jewellery
 p - a ring of ice (left hand)
 v - a ring of fire (right hand)
 w - the amulet "Zamadicu" (around neck) {RegenMP Harm rF+ Will- Int+4}
   (You found it on level 8 of the Dungeon)

   [amulet of magic regeneration]

   It increases your rate of magic regeneration.
   Int:       It affects your intelligence (+4).
   rF:        It protects you from fire.
   Harm:      It increases damage dealt and taken.
   Will:      It decreases your willpower.
Wands
 g - a wand of iceblast (9)
 l - a wand of digging (6)
 s - a wand of flame (23)
 t - a wand of mindburst (12)
Scrolls
 i - 10 scrolls of teleportation
 j - a scroll of identify
 k - 3 scrolls of immolation
 o - a scroll of fog
Potions
 a - 2 potions of lignification
 b - a potion of mutation
 c - a potion of berserk rage
 e - 3 potions of might
 f - 6 potions of haste
 h - 3 potions of brilliance
 q - a potion of flight {unknown}


   Skills:
 + Level 6.1 Fighting
 - Level 1.7 Dodging
 + Level 11.7 Unarmed Combat
 + Level 5.5 Spellcasting
 * Level 8.2 Transmutations


You had 17 spell levels left.
You knew the following spells:

 Your Spells              Type           Power      Damage    Failure   Level
a - Beastly Appendage     Tmut           84%        N/A       1%          1
b - Wereblood             Tmut           42%        N/A       1%          2

Your spell library contained the following spells:

 Spells                   Type           Power      Damage    Failure   Level
 Spider Form              Tmut/Pois      24%        N/A       5%          3
 Blink                    Tloc           12%        N/A       14%         2
 Static Discharge         Conj/Air       6%         N/A       14%         2
 Sublimation of Blood     Necr           6%         N/A       14%         2
 Ice Form                 Ice/Tmut       36%        N/A       17%         4
 Gell's Gravitas          Tloc           6%         N/A       28%         3
 Lesser Beckoning         Tloc           6%         N/A       28%         3
 Teleport Other           Tloc           6%         N/A       28%         3
 Dispel Undead            Necr           6%         3d8       67%         4
 Fulminant Prism          Conj/Hex       3%         3d6       67%         4
 Iskenderun's Mystic Bla  Conj/Tloc      6%         2d4       67%         4
 Sticky Flame             Conj/Fire      9%         2d3       67%         4
 Lee's Rapid Deconstruct  Erth           3%         3d6*      95%         5
 Manifold Assault         Tloc           6%         N/A       95%         5
 Dispersal                Tloc           3%         N/A       100%        6
 Summon Hydra             Summ           3%         N/A       100%        7


Dungeon Overview and Level Annotations

Branches:
Dungeon (9/15)             Temple (1/1) D:7            Lair (0/6) D:8
  Sewer (visited)          Bailey (visited)
    Orc: D:9-12

Altars:
Ashenzari
Cheibriados
Dithmenos
Elyvilon
Fedhas
Gozag
Hepliaklqana
Kikubaaqudgha
Makhleb
Nemelex Xobeh
Okawaru
Qazlal
Ru
Trog
Uskayaw
Vehumet
Xom
Yredelemnul
The Shining One

Shops:
D:1 *   D:3 ?

Annotations:
D:7 3 runed translucent doors, jlumianski's ghost, novice DsFi
D:8 1 runed translucent door, EonDragon20's ghost, novice FeBe


Innate Abilities, Weirdness & Mutations

You can breathe wild blasts of lightning.
Your glossy black scales are hard. (AC +7)
You cannot fit into any form of body armour.
You are resistant to electric shocks. (rElec)
You are cold-blooded and may be slowed by cold attacks.


Message History

Unknown command.
Unknown command.
Unknown command.
Unknown command.
Unknown command.
Unknown command.
Unknown command.
Unknown command.
Unknown command.
Unknown command.
Unknown command.
Unknown command.
Unknown command.
Unknown command.
Unknown command.
Unknown command.
Unknown command.
You feel better.
The kobold demonologist hits you but does no damage.
The soul eater hits you.
* * * LOW HITPOINT WARNING * * *
The white imp barely misses you.
Unknown command.
Unknown command.
Unknown command.
You feel better.
The kobold demonologist hits you but does no damage.
The soul eater closely misses you. The white imp barely misses you.
You feel yourself speed up.
The kobold demonologist hits you but does no damage.
The soul eater closely misses you.
The white imp hits you but does no damage.
Unknown command.
The kobold demonologist gestures wildly while chanting.
The white imp disappears in a puff of smoke!
The soul eater draws from the surrounding life force!
* * * LOW HITPOINT WARNING * * *
Unknown command.
The soul eater draws from the surrounding life force!
You die...

#..##.#.....#
...# #...#.#
##.. +.....#
#.# #.....##
.. #......#
#.##.#....#
#.#....######
#.##........#
##@......#
##......#
##.....#
##5...#
##...# #3K.#
#...#
#..5.K.......
#.#..##.#####


You could see a soul eater (summoned), a kobold demonologist and a shadow imp
(summoned).

Vanquished Creatures
  A two-headed ogre (D:9)
  An orc knight (Bailey)
  Joseph (D:7)
  Grinder (D:4)
  Menkaure (D:5)
  2 acid dragons (D:8)
  A water moccasin (Sewer)
  5 orc warriors
  Duvessa (D:5)
  A sky beast (D:7)
  An ice beast (D:5)
  2 black bears
  A centaur (D:8)
  A phantom (D:4)
  6 kobold brigands
  2 bullfrogs
  3 necrophages
  3 scorpions
  12 wights
  Dowan (D:5)
  5 killer bees (D:6)
  A howler monkey (D:7)
  7 hounds
  Crazy Yiuf (D:7)
  A gnoll shaman (D:8)
  A jelly (D:6)
  3 orc priests
  6 iguanas
  4 orc wizards
  A statue (D:7)
  2 hound zombies (D:4)
  5 adders
  8 gnolls
  4 white imps
  3 ufetubi
  2 adder zombies (D:4)
  3 worms
  2 dart slugs
  26 orcs
  9 ball pythons
  9 bats
  4 endoplasms
  7 giant cockroaches
  5 hobgoblins
  4 jackals (D:2)
  2 quokkas
  2 frilled lizards
  11 goblins
  15 kobolds
200 creatures vanquished.

Vanquished Creatures (others)
  A fungus (D:8)
  5 plants (D:8)
6 creatures vanquished.

Grand Total: 206 creatures vanquished

Notes
Turn   | Place    | Note
-------+----------+-------------------------------------------
     0 | D:1      | HendSelp the Draconian Transmuter began the quest for the
                  | Orb.
     0 | D:1      | Reached XP level 1. HP: 16/16 MP: 3/3
   347 | D:1      | Found a faded altar of an unknown god.
   464 | D:1      | Reached XP level 2. HP: 23/23 MP: 3/5
   595 | D:1      | Found Ykuaw's Assorted Antiques.
  1410 | D:2      | Reached XP level 3. HP: 20/28 MP: 4/6
  2314 | D:3      | Found a broken altar of Ashenzari.
  2484 | D:3      | Found a bloodstained altar of Trog.
  2490 | D:3      | Found a blossoming altar of Fedhas.
  2606 | D:3      | Found Atooheer's Magic Scroll Boutique.
  2613 | D:3      | Reached XP level 4. HP: 35/35 MP: 5/7
  3188 | D:4      | Noticed a phantom
  3208 | D:4      | Killed a phantom
  3209 | D:4      | Reached skill level 4 in Unarmed Combat
  3209 | D:4      | Reached XP level 5. HP: 27/40 MP: 9/9
  3219 | D:4      | Learned a level 2 spell: Wereblood
  3965 | D:4      | Noticed Grinder
  3972 | D:4      | Killed Grinder
  3973 | D:4      | Reached skill level 5 in Unarmed Combat
  3973 | D:4      | Reached XP level 6. HP: 48/48 MP: 9/11
  4279 | D:4      | Found a basalt altar of Yredelemnul.
  4848 | D:5      | Entered Level 5 of the Dungeon
  4898 | D:5      | Your scales start taking on a glossy black colour.
  4898 | D:5      | Reached XP level 7. HP: 48/55 MP: 10/12
  4898 | D:5      | Gained mutation: You are resistant to electric shocks.
                  | (rElec) [Black Draconian growth]
  5003 | D:5      | Reached skill level 5 in Transmutations
  5016 | D:5      | Reached skill level 6 in Unarmed Combat
  5313 | D:5      | Noticed Menkaure
  5320 | D:5      | Killed Menkaure
  5815 | D:5      | Reached XP level 8. HP: 58/62 MP: 14/14
  5864 | D:5      | Noticed Duvessa
  5864 | D:5      | Noticed Dowan
  5886 | D:5      | Killed Duvessa
  5891 | D:5      | Killed Dowan
  5892 | D:5      | Reached skill level 7 in Unarmed Combat
  6478 | D:5      | Found a shadowy altar of Dithmenos.
  6899 | D:6      | Reached skill level 8 in Unarmed Combat
  6899 | D:6      | Found a glowing drain.
  6911 | Sewer    | Entered a sewer
  7410 | D:6      | Reached XP level 9. HP: 59/71 MP: 16/16
  7716 | D:6      | Identified a scroll of acquirement
  7716 | D:6      | Acquired 678 gold pieces
  8090 | D:7      | Reached skill level 9 in Unarmed Combat
  8219 | D:7      | Reached skill level 5 in Spellcasting
  8807 | D:1      | Bought a pair of gloves for 108 gold pieces
  8807 | D:1      | Bought a hat for 96 gold pieces
  8817 | D:1      | Bought a blue potion for 21 gold pieces
  8817 | D:1      | Bought a potion of heal wounds for 120 gold pieces
  8817 | D:1      | Bought a potion of haste for 240 gold pieces
  8817 | D:1      | Bought a scroll of teleportation for 72 gold pieces
  8817 | D:1      | Bought a potion of curing for 72 gold pieces
  8817 | D:1      | Bought a scroll of teleportation for 72 gold pieces
  8817 | D:1      | Bought a scroll labelled DOOVUO MA YCOPLIA for 24 gold
                  | pieces
  8817 | D:1      | Bought a scroll of immolation for 84 gold pieces
  9158 | D:7      | Found a radiant altar of Vehumet.
  9706 | D:7      | Found a staircase to the Ecumenical Temple.
  9735 | Temple   | Entered the Ecumenical Temple
 10487 | Temple   | Became a worshipper of Makhleb the Destroyer
 10564 | D:7      | Reached skill level 10 in Unarmed Combat
 10776 | D:7      | Found a runed translucent door.
 10777 | D:7      | Noticed Crazy Yiuf
 10839 | D:7      | Noticed Joseph
 10862 | D:7      | Killed Joseph
 10863 | D:7      | Reached skill level 5 in Fighting
 11141 | D:7      | Found a runed translucent gate.
 11141 | D:7      | Found a runed translucent gate.
 11141 | D:7      | Found a runed translucent gate.
 11147 | D:7      | Noticed jlumianski's ghost (novice DsFi)
 11263 | D:7      | Killed Crazy Yiuf
 11369 | D:8      | Noticed EonDragon20's ghost (novice FeBe)
 11682 | D:8      | Identified the amulet "Zamadicu" {RegenMP Harm rF+ Will-
                  | Int+4}
 11740 | D:8      | Reached XP level 10. HP: 32/81 MP: 17/17
 11984 | D:8      | Found a runed translucent door.
 12339 | D:8      | Found a staircase to the Lair.
 13263 | D:9      | Reached * piety under Makhleb
 13266 | D:9      | Found a flagged portal.
 13273 | Bailey   | Entered a bailey
 13319 | Bailey   | Noticed an orc knight
 13330 | Bailey   | Reached skill level 11 in Unarmed Combat
 13335 | Bailey   | Killed an orc knight
 13628 | Bailey   | Found a burning altar of Makhleb.
 13995 | D:9      | Noticed a two-headed ogre
 14004 | D:9      | Killed a two-headed ogre
 14402 | D:9      | Identified the +1 leather armour of Tely {Rampage +Inv
                  | Regen+ Dex-5}
 14412 | D:9      | Noticed a soul eater
 14422 | D:9      | HP: 3/77 [soul eater/drain life[a kobold demonologist]
                  | (21)]
 14425 | D:9      | Killed from afar by a soul eater

Illustrated notes

Levels and vault maps discovered:
D:1:      dpeg_arrival_arbitrary_c, layout_basic, serial_shops, shop,
          shapermc_ecumenical_altar_mp_ritualfount, hangedman_decor_growths,
          minmay_worlds_worst_comb
D:2:      layout_loops_ring, minmay_shallow_snake_nest
D:3:      layout_loops_ring, nicolae_ashenzari_skybound, minitemple,
          serial_shops, nicolae_shop_temple_entry_statues_fountains
D:4:      layout_basic, nicolae_yredelemnul_corpse_copse, uniq_grinder
D:5:      layout_loops_ring, overflow_temple_1_default, uniq_duvessa,
          uniq_menkaure
D:6:      layout_rooms, cheibrodos_sewer_entry_bend
D:7:      layout_basic, vehumet_statue, minmay_temple_entry_water_ring,
          ebering_ghost_rock_garden, uniq_joseph, uniq_crazy_yiuf_cottage
D:8:      layout_layer_cave, dpeg_oklobed_lair, hellmonk_ghost_happy_afterlife
D:9:      layout_basic, zin_angel, serial_shops, shop, enter_bailey_3,
          nrook_mini_backslash, columned_hall_lemuel
Temple:   nicolae_temple_figure_eight

Skill      XL: |  1  2  3  4  5  6  7  8  9 10 |
---------------+-------------------------------+-----
Transmutations | 3 4 5 6 7 8 |  8.2
Unarmed Combat | 4 5 6 8 10 11 | 11.7
Spellcasting   | 3 4 5 |  5.5
Fighting       | 2 4 5 6 |  6.1
Dodging        | |  1.7

Action                   |  1- 3 |  4- 6 |  7- 9 | 10-12 || total
-------------------------+-------+-------+-------+-------++-------
Melee: Unarmed           |   110 |   167 |   374 |    95 ||   746
       Headbutt          |    16 |     5 |    13 |     3 ||    37
       Punch             |     2 |     6 |    23 |    10 ||    41
       Kick              |    18 |     8 |    11 |     2 ||    39
       Tailslap          |     9 |    20 |    57 |    11 ||    97
 Cast: Beastly Appendage |    20 |     6 |     4 |     1 ||    31
       Wereblood         |       |    14 |    15 |     3 ||    32
 Abil: Breathe Lightning |       |       |    22 |     8 ||    30
Evoke: Wand              |       |       |     4 |    10 ||    14
  Use: Scroll            |     4 |     6 |     8 |     3 ||    21
       Potion            |       |     2 |    15 |     4 ||    21
 Stab: Sleeping          |     1 |       |     1 |       ||     2
Armor: Skin              |    52 |    50 |   119 |    52 ||   273
Dodge: Dodged            |    66 |   105 |   220 |    79 ||   470

Table legend: (Time is in decaauts)
 A = Elapsed time spent in this place.
 B = Non-inter-level travel time spent in this place.
 C = Inter-level travel time spent in this place.
 D = Time resting spent in this place.
 E = Time spent auto-exploring this place.
 F = Levels seen in this place.
 G = Mean time per level.
                   A        B        C        D        E       F      G
               +--------+--------+--------+--------+--------+-----+--------+
         Total |  14310 |  13574 |    736 |   2615 |   8919 |  12 | 1192.5 |
       Dungeon |  12440 |  11872 |    568 |   2484 |   7845 |   9 | 1382.2 |
        Temple |    772 |    604 |    168 |      0 |    256 |   1 |  772.0 |
         Sewer |    400 |    400 |      0 |      4 |    341 |   1 |  400.0 |
        Bailey |    696 |    696 |      0 |    127 |    477 |   1 |  696.0 |
               +--------+--------+--------+--------+--------+-----+--------+

Top non-repeatable levels by time:
     D:5: 1896 daAuts
     D:7: 1851 daAuts
     D:4: 1689 daAuts
     D:8: 1596 daAuts
     D:6: 1544 daAuts
     D:2: 1280 daAuts
     D:1: 1185 daAuts
     D:3: 927 daAuts
  Temple: 772 daAuts
  Bailey: 696 daAuts
     D:9: 469 daAuts
   Sewer: 400 daAuts
